 Dungeon Crawl Stone Soup version 0.31-a0-4-gefa6de2278 (webtiles) character file.

Game seed: 9785124883331460113

1238 testman the Trooper (level 8, -4/136 HPs)
             Began as a Djinni Conjurer on May 3, 2023.
             Was an Initiate of Makhleb.
             Slain by a water moccasin (7 damage)
             ... on level 6 of the Dungeon.
             The game lasted 00:22:14 (5812 turns).

testman the Trooper (Djinni Conjurer)               Turns: 5812, Time: 00:22:14

Health: -4/136     AC: 24    Str:  5 (6)  XL:     8   Next: 78%
Gold:   359        EV:  2    Int: 21 (22) God:    Makhleb [......] SH:  0 Dex: 16 (18)

rFire   . . .        v - +4 quarterstaff (chaos)
rCold   . . .        (shield currently unavailable)
rNeg    . . .        e - melded +0 leather armour
rPois   ∞            F - melded +1 helmet
rElec   .            G - melded scarf of Makhleb's Inspiration {rC+ rF+, Rampage rElec rCorr}
rCorr   .            (gloves currently unavailable)
SInv    .            (boots unavailable)
Will    .....        (no amulet) Stlth
                     w - +6 ring of dexterity
HPRegen 0.42/turn    (no ring)
MPRegen 0.00/turn

%: infuse magic (-5 HP)
@: berserking, tree-form, hasted, very quick
A: stationary, stasis, torment immunity, boosted hp, sickness immunity, (fire
resistance 2), (cold vulnerability 1), float, innate caster, HP casting, extra
vitality 1
a: Renounce Religion


You were on level 6 of the Dungeon.
You worshipped Makhleb.
Makhleb was noncommittal.
You were a tree.
You visited 2 branches of the dungeon, and saw 7 of its levels.

You collected 359 gold pieces.

Inventory:

Hand Weapons
 d - a +0 short sword
 k - a +1 whip of electrocution
 v - a +4 quarterstaff of chaos (weapon)
Missiles
 b - 2 throwing nets
 A - 2 curare-tipped darts
Armour
 e - a +0 leather armour (melded)
 i - a +1 cloak
 F - a +1 helmet (melded)
 G - the scarf of Makhleb's Inspiration (melded) {rC+ rF+, Rampage rElec rCorr}
   (You found it on level 5 of the Dungeon)

   rElec:     It insulates you from electricity.
   rCorr:     It protects you from acid and corrosion.
   Rampage:   It bestows one free step when moving towards enemies.
Jewellery
 w - a +6 ring of dexterity (left branch)
Wands
 B - a wand of polymorph (10)
 C - a wand of flame (33)
 I - a wand of paralysis (7)
Scrolls
 a - 2 scrolls of brand weapon {unknown}
 h - 4 scrolls of identify {unknown}
 j - 3 scrolls of magic mapping {unknown}
 l - 3 scrolls of enchant weapon {unknown}
 m - a scroll of silence {unknown}
 n - 4 scrolls of teleportation {unknown}
 q - a scroll of immolation {unknown}
 r - a scroll of fear {unknown}
 x - 2 scrolls of fog {unknown}
 y - a scroll of blinking {unknown}
 H - a scroll of vulnerability {unknown}
 J - a scroll of noise {unknown}
Potions
 c - 4 potions of curing
 f - a potion of ambrosia {unknown}
 g - 2 potions of haste
 o - 3 potions of lignification
 p - a potion of heal wounds {unknown}
 s - a potion of berserk rage
 t - 2 potions of magic {unknown}
 u - 3 potions of degeneration
 z - a potion of invisibility {unknown}
 D - 2 potions of attraction {unknown}
 E - a potion of mutation {unknown}


   Skills:
 + Level 6.0 Fighting
 - Level 2.2 Dodging
 - Level 1.5 Stealth
 + Level 5.7 Spellcasting
 + Level 4.4 Invocations


You knew the following spells:

 Your Spells              Type           Power      Damage    Failure   Level
a - Magic Dart            Conj           100%       1d8       1%          1
b - Searing Ray           Conj           60%        2d6       1%          2
c - Dazzling Flash        Conj/Hex       60%        N/A       2%          3
d - Fulminant Prism       Conj/Hex       15%        3d11      10%         4
e - Iskenderun's Mystic   Conj/Tloc      30%        2d8       10%         4
f - Sting                 Tmut/Pois      100%       1d8       1%          1
g - Ensorcelled Hibernat  Hex/Ice        60%        N/A       1%          2
h - Confusing Touch       Hex            30%        N/A       2%          3
Your spell library was empty.

Dungeon Overview and Level Annotations

Branches:
Dungeon (6/15)             Temple (1/1) D:4

Altars:
Cheibriados
Elyvilon
Fedhas
Gozag
Hepliaklqana
Makhleb
Nemelex Xobeh
Okawaru
Qazlal
Ru
Trog
Uskayaw
Wu Jian

Shops:
D:4 [

Annotations:
D:4 3 runed translucent doors, qeuew's ghost, novice MiFi


Innate Abilities, Weirdness & Mutations

You are a tree.
Your roots penetrate the ground, keeping you stationary.
You cannot be teleported.
You are immune to unholy pain and torment.
Your maximum health is greatly increased.
Your equipment is partially melded.
You are immune to sickness and miasma.
You are immune to poison.
((Your flesh is very heat resistant. (rF++)))
((You are vulnerable to cold. (rC-)))
You float through the air rather than walking.
You learn spells naturally, not from books.
Your magical power is your life essence.
You have superior vitality. (+4 MHP)


Message History

Okay, then.
Okay, then.
It was a potion of degeneration.
There was something very wrong with that liquid.
You feel weakened.
You feel dopey.
You feel clumsy. The water moccasin bites you.
* * * LOW HITPOINT WARNING * * *
The water moccasin bites you.
* * * LOW HITPOINT WARNING * * *
The water moccasin bites you but does no damage.
It was a potion of haste.
You feel yourself speed up.
The water moccasin bites you but does no damage.
The water moccasin bites you.
* * * LOW HITPOINT WARNING * * *
It was a potion of berserk rage.
A red film seems to cover your vision as you go berserk!
You feel yourself moving faster!
You feel mighty!
The water moccasin bites you but does no damage. x2
You closely miss the water moccasin.
The water moccasin is moderately wounded.
The water moccasin barely misses you. x2
You sock the water moccasin!
The water moccasin resists with some effort.
The water moccasin is severely wounded.
The water moccasin bites you.
* * * LOW HITPOINT WARNING * * *
The water moccasin bites you but does no damage. x3
You miss the water moccasin.
The water moccasin is severely wounded.
The water moccasin bites you but does no damage. x2
You are too berserk!
You sock the water moccasin!
You kill the water moccasin!
Makhleb accepts your kill.
The water moccasin bites you but does no damage.
Your Fighting skill increases to level 6!
You sock the water moccasin!
The water moccasin is moderately wounded.
The water moccasin bites you!
You die...

......# ......# ......#
......# ......######
####### ...........#
.......
######.....######.......
#....#..........†S......
.....+........).♣)......
#....#........)........#
.....#.................#
.....#(................#
#....##'#####+##########
#.....#....#
#.....#....#
#....##....#
#'#####...##############


You could see a water moccasin.

Vanquished Creatures
  Duvessa (D:4)
  2 water moccasins (D:6)
  A black bear (D:4)
  An ogre (D:6)
  A kobold brigand (D:6)
  A bullfrog (D:6)
  A gnoll sergeant (D:6)
  A scorpion (D:5)
  Dowan (D:4)
  Crazy Yiuf (D:2)
  2 hounds
  2 orc priests (D:6)
  A sleepcap (D:6)
  3 iguanas
  An orc wizard (D:6)
  4 gnolls (D:6)
  5 adders
  2 white imps (D:6)
  2 worms
  A dart slug (D:1)
  9 orcs
  5 endoplasms
  A giant cockroach (D:4)
  5 goblins
  5 hobgoblins
  6 jackals (D:1)
  12 kobolds
  3 quokkas
  4 ball pythons
  2 bats
  5 frilled lizards
  8 rats
  A toadstool (D:3)
100 creatures vanquished.

Vanquished Creatures (others)
  5 fulminant prisms
  A fungus (D:3)
  3 toadstools (D:3)
9 creatures vanquished.

Grand Total: 109 creatures vanquished

Notes
Turn   | Place    | Note
-------+----------+-------------------------------------------
     0 | D:1      | testman the Djinni Conjurer began the quest for the Orb.
     0 | D:1      | testman set off with the following spells memorised: Magic
                  | Dart, Searing Ray, Dazzling Flash, Fulminant Prism,
                  | Iskenderun's Mystic Blast.
     0 | D:1      | Reached XP level 1. HP: 15/15 MP: 0/0
    56 | D:1      | Reached XP level 2. HP: 15/22 MP: 0/0
    58 | D:1      | Reached skill level 1 in Fighting
   344 | D:1      | Reached XP level 3. HP: 25/27 MP: 0/0
   344 | D:1      | Learned a level 1 spell: Sting
  1193 | D:2      | Reached skill level 2 in Fighting
  1486 | D:2      | Found a runed translucent door.
  1487 | D:2      | Noticed Crazy Yiuf
  1494 | D:2      | Paralysed by Crazy Yiuf for 2 turns
  1497 | D:2      | Killed Crazy Yiuf
  1498 | D:2      | Reached XP level 4. HP: 2/34 MP: 0/0
  2383 | D:3      | Reached XP level 5. HP: 35/39 MP: 0/0
  2383 | D:3      | Learned a level 2 spell: Ensorcelled Hibernation
  2481 | D:3      | Found a blossoming altar of Fedhas.
  2482 | D:3      | Found a bloodstained altar of Trog.
  2574 | D:4      | Reached skill level 3 in Fighting
  2737 | D:4      | Found Ugry's Antique Armour Boutique.
  2885 | D:4      | Noticed a black bear
  2896 | D:4      | Killed a black bear
  2897 | D:4      | Reached XP level 6. HP: 15/46 MP: 0/0
  3022 | D:4      | Found a runed translucent gate.
  3022 | D:4      | Found a runed translucent gate.
  3022 | D:4      | Found a runed translucent gate.
  3025 | D:4      | Noticed qeuew's ghost (novice MiFi)
  3048 | D:4      | Found a staircase to the Ecumenical Temple.
  3055 | Temple   | Entered the Ecumenical Temple
  3203 | Temple   | Became a worshipper of Makhleb the Destroyer
  3221 | D:4      | Noticed Duvessa
  3235 | D:4      | Noticed Dowan
  3240 | D:4      | Killed Duvessa
  3241 | D:4      | Reached skill level 4 in Fighting
  3241 | D:4      | Reached skill level 1 in Invocations
  3243 | D:4      | Killed Dowan
  3244 | D:4      | Reached XP level 7. HP: 21/52 MP: 0/0
  3244 | D:4      | Learned a level 3 spell: Confusing Touch
  3892 | D:5      | Entered Level 5 of the Dungeon
  4029 | D:5      | Identified the scarf of Makhleb's Inspiration {rC+ rF+,
                  | Rampage rElec rCorr}
  4508 | D:5      | Reached skill level 5 in Spellcasting
  5036 | D:6      | Noticed a water moccasin
  5043 | D:6      | Killed a water moccasin
  5044 | D:6      | Reached skill level 5 in Fighting
  5126 | D:6      | Reached XP level 8. HP: 48/59 MP: 0/0
  5805 | D:6      | HP: 4/91 [water moccasin (1)]
  5812 | D:6      | Reached skill level 6 in Fighting
  5812 | D:6      | Slain by a water moccasin

Illustrated notes

Levels and vault maps discovered:
D:1:      enne_arrival_octagon_isle, layout_basic, serial_aquarium,
          aquarium_bridge_square [aquarium_subvault_wall,
          aquarium_subvault_bridge, aquarium_subvault_wall,
          aquarium_subvault_bridge], aquarium_window_fake, aquarium_window_fake,
          aquarium_window_corridor_3, aquarium_window_fake, aquarium_view_2d,
          aquarium_pool_S, hangedman_decor_peaks_small, minmay_splitting_lines
D:2:      layout_loops_ring, uniq_crazy_yiuf_cottage
D:3:      layout_loops_ring, minitemple, minmay_gold_behind_fungi
D:4:      layout_gridville, minmay_temple_entry_slanted,
          ebering_ghost_rock_garden, nicolae_inconvenience_store,
          minmay_hedge_maze, uniq_duvessa
D:5:      layout_layer_cave
D:6:      layout_gridville, due_unseen_surprise
Temple:   nicolae_temple_bog_church

Skill      XL: |  1  2  3  4  5  6  7  8 |
---------------+-------------------------+-----
Fighting       | 1 2 3 4 5 6 |  6.0
Spellcasting   | 4 5 |  5.7
Invocations    | 1 3 4 |  4.4
Dodging        | |  2.2
Stealth        | |  1.5

Action                     |  1- 3 |  4- 6 |  7- 9 || total
---------------------------+-------+-------+-------++-------
  Melee: Whip              |     1 |       |       ||     1
         Short sword       |     1 |       |       ||     1
         Quarterstaff      |       |    18 |    63 ||    81
   Cast: Magic Dart        |    46 |    12 |     2 ||    60
         Searing Ray       |    12 |    11 |    11 ||    34
         Sting             |     2 |       |       ||     2
         Ensorcelled Hiber |       |     2 |       ||     2
         Fulminant Prism   |       |     1 |     4 ||     5
    Use: Potion            |       |     1 |     5 ||     6
   Stab: Sleeping          |       |       |     2 ||     2
 Armour: Leather armour    |     1 |    22 |    15 ||    38
         Skin              |       |       |    14 ||    14
  Dodge: Dodged            |     5 |    20 |    41 ||    66

Table legend: (Time is in decaauts)
 A = Elapsed time spent in this place.
 B = Non-inter-level travel time spent in this place.
 C = Inter-level travel time spent in this place.
 D = Time resting spent in this place.
 E = Time spent auto-exploring this place.
 F = Levels seen in this place.
 G = Mean time per level.
                   A        B        C        D        E       F      G
               +--------+--------+--------+--------+--------+-----+--------+
         Total |   5830 |   5663 |    167 |    157 |   4898 |   7 |  832.9 |
       Dungeon |   5670 |   5526 |    144 |    157 |   4773 |   6 |  945.0 |
        Temple |    160 |    137 |     23 |      0 |    125 |   1 |  160.0 |
               +--------+--------+--------+--------+--------+-----+--------+

Top non-repeatable levels by time:
     D:4: 1198 daAuts
     D:5: 1149 daAuts
     D:2: 990 daAuts
     D:1: 846 daAuts
     D:6: 786 daAuts
     D:3: 699 daAuts
  Temple: 160 daAuts
